Map: Crimson Research Lab LE

Players

YesMiYez

  • Race: Terran Terran
  • League: Silver
  • Spawn Location: 5:00

David

  • Race: Terran Terran
  • Spawn Location: 5:00

CHOLI

  • Race: Protoss Protoss
  • League: Silver
  • Spawn Location: 11:00

JackB

  • Race: Zerg Zerg
  • Spawn Location: 11:00

VOD

Have the link to the VOD?

Description

Time

  • Played on: April 10, 2025, 10:23 p.m.
  • Length: 18:59
Show
View Real Time Build Order
Export as new Build Order

YesMiYez Terran 

Build Orders:  

Get SALT Encoding   

  12  0:00  SCV  
  13  0:19  Supply Depot  
  13  0:24  SCV  
  14  0:36  SCV  
  15  0:45  Refinery  
  15  0:48  SCV  
  16  0:59  Barracks  
  16  1:00  SCV  
  17  1:10  Supply Depot  
  17  1:12  SCV  
  18  1:18  Refinery  
  18  1:24  SCV  
  19  1:37  SCV  
  20  1:47  Barracks Tech Lab  
  20  1:49  SCV  
  21  2:02  Orbital Command  
  21  2:13  Marine  
  21  2:15  Factory  
  22  2:17  Stimpack  
  22  2:31  Marine  
  23  2:49  Marine  
  24  2:52  SCV  
  25  3:02  Command Center  
  25  3:03  Factory Tech Lab  
  25  3:04  SCV  
  26  3:06  Marine  
  27  3:16  SCV  
  28  3:21  Starport  
  28  3:28  SCV  
  29  3:40  Factory Tech Lab  
  29  3:51  SCV  
  30  4:00  Starport  
  30  4:03  SCV  
  31  4:15  SCV  
  32  4:27  SCV  
  33  4:32  Fusion Core  
  33  4:33  Combat Shield, Fusion Core  
  33  4:35  Marine  
  34  4:39  SCV  
  34  4:43  Factory Reactor  
  34  4:45  Starport Reactor  
  35  4:53  Marine  
  36  5:02  SCV x2  
  36  5:03  Refinery  
  36  5:04  Refinery  
  38  5:10  Marine  
  39  5:14  SCV x2  
  41  5:26  SCV  
  41  5:27  SCV  
  43  5:28  Marine  
  43  5:35  Barracks  
  44  5:43  Barracks  
  44  5:46  Marine  
  44  5:49  SCV  
  47  5:50  SCV  
  47  5:51  Barracks  
  47  6:01  SCV  
  47  6:02  SCV  
  49  6:14  SCV x2, Engineering Bay x2  
  51  6:23  Supply Depot  
  51  6:26  SCV x2  
  51  6:27  Supply Depot  
  53  6:51  Supply Depot  
  53  7:46  Battlecruiser x2  
  65  8:00  Terran Infantry Weapons Level 1, Terran Infantry Armor Level 1  
  65  8:06  Barracks Reactor  
  65  8:08  Marine x2  
  65  8:09  Marine x3  
  70  8:14  Weapon Refit  
  70  8:21  Missile Turret  
  70  8:23  Missile Turret  
  70  8:24  Missile Turret  
  70  8:25  Missile Turret  
  70  8:26  Marine x4  
  70  8:27  Marine  
  75  8:40  Missile Turret  
  75  8:41  Missile Turret  
  75  8:42  Missile Turret  
  75  8:44  Marine x3  
  75  8:47  Marine  
  78  8:50  Marine  
  62  9:02  Marine x3  
  62  9:05  Marine  
  62  9:09  Marine  
  46  9:23  Marine  
  47  9:30  SCV  
  48  9:42  SCV  
  49  9:52  Command Center  
  49  9:54  SCV  
  50  10:06  SCV  
  45  10:19  SCV  
  46  10:33  Battlecruiser x2  
  37  11:48  Planetary Fortress  
  37  11:54  SCV  
  38  11:58  Neosteel Armor  
  38  11:59  Hi-Sec Auto Tracking  
  38  12:06  SCV  
  39  12:09  Refinery  
  39  12:13  Refinery  
  39  12:18  SCV  
  40  12:30  SCV  
  41  12:42  SCV  
  42  12:44  SCV  
  43  12:54  SCV  
  43  12:57  SCV  
  45  13:06  SCV  
  45  13:09  SCV  
  47  13:18  SCV  
  48  13:21  SCV  
  48  13:24  Battlecruiser x2  
  61  13:30  SCV  
  61  13:33  SCV  
  63  13:35  Missile Turret  
  63  13:37  Missile Turret  
  63  13:40  Missile Turret  
  63  13:42  Missile Turret  
  63  13:43  Missile Turret  
  63  13:57  Command Center  
  61  14:04  Bunker  
  58  14:38  Command Center  
  58  14:39  Battlecruiser x2  
  70  15:07  SCV  
  71  15:19  SCV  
  72  15:27  Armory  
  72  15:31  SCV  
  72  15:34  Armory  
  73  15:44  SCV  
  74  15:56  SCV  
  75  16:12  Battlecruiser x2  
  45  17:16  Battlecruiser  
Show
View Real Time Build Order
Export as new Build Order

David Terran 

Build Orders:  

Get SALT Encoding   

  12  0:02  SCV  
  13  0:14  SCV  
  13  0:18  Supply Depot  
  14  0:36  Refinery  
  14  0:43  Barracks  
  14  0:46  SCV  
  15  0:58  SCV  
  16  1:39  SCV  
  17  1:42  Barracks Reactor  
  17  1:51  Orbital Command  
  17  1:55  Command Center  
  17  1:57  Engineering Bay  
  17  2:29  Marine x2  
  19  2:40  Barracks  
  19  2:44  SCV  
  19  2:47  Marine x2  
  22  2:56  SCV  
  23  3:06  Marine  
  23  3:08  SCV  
  25  3:20  SCV  
  26  3:29  Barracks Tech Lab  
  26  3:31  Barracks  
  26  3:35  Marine x2  
  26  3:36  Supply Depot  
  26  3:40  SCV  
  29  3:42  SCV  
  30  3:50  Combat Shield  
  30  3:52  SCV, Marine  
  30  3:53  Marine  
  33  3:56  Terran Infantry Weapons Level 1  
  33  4:04  SCV  
  33  4:05  SCV  
  35  4:17  SCV  
  36  4:29  SCV  
  36  4:30  Barracks Tech Lab  
  37  4:37  Supply Depot  
  37  4:40  Refinery  
  37  4:41  SCV  
  38  4:46  Marine x2  
  38  4:47  Marine  
  41  4:53  SCV  
  42  5:00  Supply Depot  
  42  5:04  Marine x2  
  42  5:06  SCV  
  45  5:10  Refinery  
  45  5:24  Marine x4  
  49  5:36  Refinery  
  49  5:37  Supply Depot  
  49  5:40  SCV  
  49  5:41  Marine  
  49  5:42  Marine  
  52  5:45  SCV  
  53  5:53  SCV  
  54  5:57  SCV  
  55  6:05  SCV  
  55  6:09  SCV  
  57  6:16  Barracks  
  57  6:17  SCV, Barracks  
  58  6:21  Terran Infantry Armor Level 1  
  58  6:26  SCV  
  58  6:29  SCV  
  60  6:38  SCV  
  61  6:41  SCV  
  62  6:50  SCV  
  62  7:05  Barracks Reactor x2  
  56  7:13  Factory  
  44  7:19  Supply Depot  
  43  7:38  Barracks Reactor  
  43  7:39  Barracks Reactor  
  43  7:42  SCV  
  43  7:43  Supply Depot  
  44  7:55  SCV  
  45  8:00  Factory Tech Lab  
  45  8:05  Supply Depot  
  45  8:07  SCV  
  46  8:13  Starport  
  46  8:18  Marine  
  46  8:19  Marine x7  
  54  8:25  Siege Tank  
  57  8:27  Supply Depot  
  57  8:36  Marine  
  57  8:37  Marine x7  
  65  8:49  Supply Depot  
  65  8:52  Supply Depot  
  65  8:54  Marine  
  65  8:55  Marine x7  
  73  8:57  Siege Tank  
  76  9:08  Medivac  
  78  9:12  Supply Depot, Marine x5  
  78  9:13  Marine x3  
  78  9:16  Supply Depot  
  86  9:30  Siege Tank, Marine x2  
  87  9:38  Medivac  
  87  9:42  Armory  
  80  9:48  SCV  
  81  10:00  SCV  
  81  10:01  Marine x8  
  81  10:02  Siege Tank  
  93  10:08  Medivac  
  93  10:12  SCV  
  96  10:18  Marine  
  96  10:19  Marine x7  
  104  10:24  SCV  
  104  10:26  Supply Depot  
  105  10:34  Siege Tank  
  108  10:36  Marine  
  108  10:37  SCV, Marine x7  
  108  10:38  Medivac  
  108  10:39  Terran Infantry Weapons Level 2  
  119  10:47  Terran Vehicle Weapons Level 1  
  119  10:49  Supply Depot  
  119  10:54  Supply Depot, Marine  
  119  10:55  Marine x7  
  127  11:04  SCV  
  127  11:06  Thor  
  127  11:08  Medivac  
  136  11:11  Supply Depot  
  136  11:12  Marine  
  136  11:13  Marine  
  136  11:16  SCV  
  136  11:17  Supply Depot  
  131  11:33  Supply Depot  
  131  11:37  SCV  
  131  11:39  Supply Depot  
  132  11:48  Thor  
  132  11:50  SCV  
  139  12:02  SCV  
  139  12:04  Supply Depot  
  140  12:14  SCV  
  135  12:26  Supply Depot, SCV  
  136  12:31  Thor  
  142  12:41  Terran Vehicle And Ship Armor Level 1  
  142  12:49  Orbital Command  
  142  12:54  Terran Infantry Armor Level 2  
  142  13:12  Starport Tech Lab  
  142  13:14  Thor  
  148  13:24  SCV  
  149  13:36  SCV  
  150  13:48  SCV  
  151  13:57  Thor  
  151  14:00  SCV  
  158  14:13  SCV  
  159  14:33  Viking  
  161  14:40  Thor  
  161  14:43  Marine x3  
  161  14:44  Marine x5  
  175  15:01  Marine x8  
  175  15:03  Viking  
  185  15:17  Terran Vehicle Weapons Level 2  
  185  15:19  Marine x8  
  193  15:33  Viking  
  195  15:36  Marine  
  195  15:37  Marine x4  
  200  16:03  Command Center  
Show
View Real Time Build Order
Export as new Build Order

CHOLI Protoss 

Build Orders: Double Forge 

Get SALT Encoding   

  1  0:00  Probe  
  12  0:06  Probe  
  14  0:28  Pylon  
  14  0:32  Probe  
  15  0:41  Pylon  
  15  0:46  Probe  
  15  0:49  Assimilator  
  16  1:04  Gateway  
  16  1:05  Probe  
  17  1:13  Probe  
  17  1:15  Forge  
  18  1:24  Assimilator  
  18  1:25  Probe  
  19  1:44  Probe  
  20  1:55  Cybernetics Core  
  20  1:56  Probe  
  21  2:06  Pylon  
  21  2:07  Probe  
  22  2:12  Zealot  
  22  2:15  Probe  
  25  2:23  Probe  
  26  2:44  Nexus  
  26  2:49  Warp Gate  
  26  2:57  Photon Cannon  
  26  3:06  Stalker  
  28  3:17  Gateway  
  28  3:28  Protoss Ground Weapons Level 1  
  28  3:39  Pylon  
  28  3:45  Stalker  
  30  3:53  Probe  
  30  4:01  Probe  
  31  4:04  Robotics Facility  
  32  4:11  Twilight Council, Probe  
  33  4:17  Pylon  
  33  4:23  Probe  
  34  4:24  Stalker  
  36  4:35  Probe  
  37  4:47  Probe  
  37  4:48  Forge  
  38  4:54  Robotics Bay  
  38  4:55  Observer  
  38  4:59  Probe  
  40  5:08  Assimilator  
  40  5:09  Stalker  
  40  5:11  Probe  
  40  5:13  Assimilator  
  43  5:15  Sentry  
  45  5:21  Probe  
  45  5:26  Pylon  
  46  5:29  Probe  
  47  5:38  Probe  
  48  5:44  Protoss Ground Weapons Level 2  
  48  5:46  Observer  
  49  5:50  Probe  
  49  5:52  Gateway  
  49  5:56  Gateway  
  50  6:02  Gravitic Boosters, Probe  
  51  6:08  Blink  
  51  6:12  Robotics Facility  
  51  6:13  Probe  
  51  6:16  Protoss Shields Level 1  
  52  6:21  Probe  
  53  6:28  Stalker  
  53  6:29  Probe  
  55  6:33  Stalker  
  58  6:40  Probe  
  59  6:52  Probe  
  60  7:04  Probe  
  57  7:08  Zealot  
  57  7:09  Zealot  
  57  7:14  Zealot  
  57  7:18  Probe  
  58  7:26  Probe  
  58  7:36  Probe  
  60  7:48  Stargate  
  60  7:50  Stargate  
  60  7:53  Probe  
  61  8:00  Stalker  
  61  8:01  Stalker x2  
  61  8:02  Stalker  
  69  8:09  Charge, Nexus  
  69  8:13  Pylon  
  69  8:17  Pylon  
  69  8:22  Immortal  
  69  8:24  Oracle  
  69  8:25  Oracle, Immortal  
  83  8:47  Protoss Ground Armor Level 1  
  83  8:48  Fleet Beacon  
  83  8:59  Protoss Air Weapons Level 1  
  83  9:14  Photon Cannon  
  83  9:16  Photon Cannon  
  83  9:19  Photon Cannon  
  83  10:12  Tempest  
  83  10:13  Tempest  
  91  10:19  Probe  
  91  10:23  Cybernetics Core  
  91  10:27  Probe  
  93  10:35  Probe  
  94  10:43  Probe  
  95  10:51  Probe  
  95  10:55  Stargate  
  96  10:57  Observer x2, Stargate  
  96  10:58  Stargate  
  96  11:01  Stargate  
  96  11:02  Stargate  
  96  11:03  Probe  
  99  11:07  Stalker  
  99  11:08  Stalker x2  
  105  11:15  Warp Prism, Probe  
  105  11:16  Gravitic Drive  
  108  11:22  Protoss Air Armor Level 1  
  108  11:27  Assimilator  
  108  11:31  Assimilator  
  108  11:46  Probe  
  109  12:00  Unknown  
  109  12:36  Protoss Shields Level 2  
  109  12:41  Protoss Air Weapons Level 2  
  109  12:43  Pylon  
  109  12:44  Pylon x2  
  109  12:46  Pylon  
  109  12:47  Pylon  
  109  12:49  Pylon  
  109  13:00  Tempest  
  109  13:01  Tempest x2, Probe  
  122  13:12  Pylon  
  122  13:13  Pylon, Probe  
  122  13:14  Pylon  
  122  13:16  Pylon  
  122  13:17  Protoss Air Armor Level 2, Pylon  
  123  13:23  Tempest x2  
  123  13:24  Tempest x2  
  123  13:25  Probe  
  144  13:34  Immortal x2  
  144  13:37  Probe  
  149  13:49  Probe  
  150  14:01  Probe  
  151  14:13  Probe  
  152  14:35  Protoss Ground Weapons Level 3  
  152  14:36  Tempest  
  152  14:37  Tempest x4  
  152  14:38  Probe  
  173  14:46  Probe  
  174  14:55  Pylon, Probe  
  174  14:56  Pylon  
  174  14:59  Pylon  
  175  15:06  Protoss Air Weapons Level 3  
  175  15:07  Probe  
  176  15:18  Tempest x2  
  176  15:20  Probe  
  185  15:36  Nexus  
  185  15:38  Observer x2  
  182  17:10  Stalker x2  
  138  17:42  Tempest  
  138  17:43  Tempest x3  
Show
View Real Time Build Order
Export as new Build Order

JackB Zerg 

Build Orders: Pool First 

Get SALT Encoding   

  12  0:03  Drone  
  13  0:08  Drone  
  14  0:17  Overlord  
  14  0:35  Spawning Pool  
  13  0:45  Drone  
  13  0:46  Drone x2  
  16  0:58  Drone  
  17  1:16  Extractor  
  17  1:17  Drone  
  17  1:27  Zergling x2  
  17  1:31  Hatchery, Queen  
  19  1:42  Drone x2  
  21  1:52  Zergling x2  
  22  2:16  Overlord x2  
  22  2:19  Lair  
  22  2:41  Drone  
  22  2:42  Drone x4  
  27  2:45  Drone  
  28  2:52  Zergling x2  
  29  3:01  Zergling x2  
  29  3:04  Zergling x2  
  31  3:06  Zergling x2  
  32  3:13  Drone  
  32  3:19  Hydralisk Den  
  32  3:28  Spore Crawler  
  32  3:30  Drone  
  32  3:34  Drone x2  
  34  3:52  Grooved Spines  
  34  3:58  Drone x3  
  34  4:00  Extractor  
  36  4:05  Drone x3  
  36  4:08  Drone x3  
  42  4:24  Evolution Chamber  
  41  4:31  Spine Crawler  
  40  4:41  Evolution Chamber  
  40  4:42  Drone x2  
  41  4:50  Zerg Melee Weapons Level 1  
  41  4:55  Muscular Augments  
  41  4:56  Hydralisk  
  41  4:58  Overlord x2  
  43  5:05  Spine Crawler  
  42  5:09  Spore Crawler  
  42  5:10  Zerg Ground Armor Level 1  
  41  5:15  Drone x2  
  41  5:16  Drone  
  41  5:18  Extractor  
  43  5:21  Extractor  
  44  5:43  Hydralisk x4  
  44  5:45  Zergling x2  
  53  5:50  Drone x2  
  53  5:52  Drone  
  53  5:56  Pneumatized Carapace  
  54  6:19  Hydralisk x2  
  54  6:20  Hydralisk  
  54  6:22  Overlord  
  54  6:25  Overlord x3  
  54  7:21  Zerg Melee Weapons Level 2, Zerg Missile Weapons Level 1  
  54  7:22  Hydralisk  
  54  7:23  Hydralisk x2  
  54  7:26  Hydralisk x3  
  66  7:33  Metabolic Boost, Infestation Pit  
  66  7:36  Drone  
  66  8:19  Hydralisk x3  
  70  8:26  Hatchery  
  42  9:18  Hydralisk x3  
  42  9:22  Hydralisk  
  42  9:23  Hydralisk x11  
  68  9:35  Spore Crawler  
  68  9:36  Spore Crawler  
  66  9:42  Spore Crawler x3  
  66  9:43  Spore Crawler  
  62  9:51  Drone x2  
  64  9:54  Hive  
  64  9:56  Neural Parasite  
  64  9:58  Hydralisk  
  64  9:59  Hydralisk x3  
  72  10:12  Drone x2  
  72  10:13  Drone  
  73  10:16  Drone x2  
  75  10:22  Spawning Pool  
  75  10:26  Lair  
  75  10:27  Infestation Pit  
  75  10:28  Drone  
  74  10:45  Drone x2  
  74  10:48  Zergling x2  
  74  10:49  Zergling x4  
  79  10:51  Hydralisk x3  
  85  10:59  Zerg Missile Weapons Level 2, Zerg Ground Armor Level 2  
  45  11:40  Hydralisk x3  
  45  11:43  Drone x3  
  54  11:52  Ultralisk Cavern  
  53  11:55  Drone x3  
  56  12:08  Spine Crawler  
  56  12:10  Spine Crawler  
  56  12:14  Spine Crawler  
  53  12:21  Spore Crawler  
  52  12:25  Drone x2  
  52  12:28  Hive  
  54  12:31  Hydralisk Den  
  54  12:33  Drone  
  54  12:35  Queen  
  56  12:37  Queen  
  56  12:38  Hydralisk  
  56  12:39  Hydralisk x2  
  64  12:56  Hatchery  
  63  12:59  Ultralisk  
  69  13:07  Ultralisk  
  75  13:48  Ultralisk x3  
  93  13:50  Hydralisk x2  
  93  13:54  Overlord x2  
  97  13:58  Overseer  
  94  14:33  Zergling x2  
  94  14:34  Zergling x4  
  94  14:35  Zergling x2  
  94  14:36  Zergling x4  
  100  14:38  Zergling x2  
  100  14:39  Zergling x4  
  103  14:49  Spore Crawler  
  102  14:53  Spore Crawler  
  101  15:05  Drone  
  101  15:06  Drone x2  
  104  15:12  Overseer x2  
  104  15:19  Overseer  
  61  17:00  Zergling x2  
  61  17:01  Zergling x20  
  70  17:09  Spine Crawler  
  70  17:10  Spine Crawler  
  70  17:12  Spine Crawler x2  
  70  17:13  Spine Crawler  
  70  17:14  Spine Crawler x2  
  70  17:15  Spine Crawler  
  44  17:16  Spine Crawler  
  37  17:24  Ultralisk x2  
  37  17:25  Ultralisk  
  37  17:27  Ultralisk  
  37  17:28  Ultralisk x2  
  73  17:32  Overlord x2  
  73  17:33  Overlord  
Tags
 
Add a new tag
Caveats
  • Supply blocks, unpowered buildings, or Contaminate may cause inaccurate times.
  • Supply counts are checked every 10 seconds.